 Dungeon Sprint DCSS version 0.31-a0-355-g57cb03d3e8 (webtiles) character file.

Game seed: 15600887141858328132

46 rocky1 the Ruffian (level 3, -5/31 HPs)
             Began as a Naga Shapeshifter on July 25, 2023.
             Was a Priest of Cheibriados.
             Slain by a gnoll bouda
             ... wielding a +0 whip
              (6 damage)
             ... in the Dungeon (Sprint VII: "The Pits").
             The game lasted 00:01:27 (402 turns).

rocky1 the Ruffian (Naga Shapeshifter)               Turns: 402, Time: 00:01:27

Health: -5/31      AC:  7    Str: 27    XL:     3   Next: 68%
Magic:  3/3        EV:  9    Int: 16    God:    Cheibriados [***...]
Gold:   0          SH:  0    Dex: 19    Spells: 2/2 levels left

rFire   . .          .
                       - Unarmed
rCold   . . .        (no shield)
rNeg    . . .        m - +3 scale mail {rPois}
rPois   +            (helmet currently unavailable)
rElec   .            (cloak currently unavailable)
rCorr   .            (gloves currently unavailable)
SInv    +            (no barding)
Will    .....        (no amulet)
Stlth   +            (no ring)
HPRegen 0.25/turn    (no ring)
MPRegen 0.08/turn

%: no teleportation
@: beast-form, very slow
A: beast (slay +3), AC +1, large, see invisible, deformed body, poison
resistance, slowness 2, spit poison 1, naga tail 1
a: Spit Poison, Begin Untransformation, Renounce Religion, Bend Time, Temporal
Distortion


You were in the Dungeon.
You worshipped Cheibriados.
Cheibriados was most pleased with you.
You were a hulking beast.
You visited 1 branch

Inventory:

Armour
 m - a +3 scale mail of poison resistance (worn)
Talismans
 c - a beast talisman
Scrolls
 i - a scroll of blinking
 k - 5 scrolls of amnesia
 l - a scroll of butterflies
Potions
 b - a potion of lignification
 d - 6 potions of curing
 e - 5 potions of heal wounds
 g - 4 potions of magic
 h - 3 potions of berserk rage
 j - 2 potions of invisibility


   Skills:
 + Level 1.2 Fighting
 + Level 2.3 Dodging
 + Level 1.3 Stealth
 + Level 5.1 Unarmed Combat
 * Level 0.8 Invocations
 + Level 4.9 Shapeshifting


You had 2 spell levels left.
You didn't know any spells.
Your spell library was empty.

Dungeon Overview and Level Annotations

Branches:
Dungeon (1/1)

Altars:
Ashenzari
Cheibriados
Dithmenos
Elyvilon
Fedhas
Gozag
Hepliaklqana
Kikubaaqudgha
Makhleb
Nemelex Xobeh
Okawaru
Qazlal
Ru
Sif Muna
Trog
Uskayaw
Vehumet
Wu Jian
Xom
Yredelemnul
Zin
The Shining One
Jiyva
Lugonu


Innate Abilities, Weirdness & Mutations

You are a hulking beast.
Your limbs bulge with bestial killing power. (Slay +3)
Your serpentine skin is tough. (AC +1)
You have supernaturally acute eyesight. (SInv)
Armour fits poorly on your strangely shaped body.
Your system is resistant to poisons. (rPois)
You cover ground very slowly.
You can spit poison.
You have a snake-like lower body.


Message History

A centaur comes into view.
A ball python comes into view.
The gnoll hits you from afar with a +0 spear!
A gnoll comes into view. It is wielding a +0 flail. x2
You hear a shout! x2
Okay, then.
The gnoll shouts!
You hear a shout! x2
The gnoll barely misses you.
The centaur shouts!
The gnoll bouda barks out a call to the hunt!
The gnolls pick up the pace!
The gnoll barely misses you.
You hear a shout! x2
Aiming: Spit Poison (2% risk of failure)
Press: ? - help, Shift-Dir - straight line, f - gnoll
Aim: a gnoll, wielding a +0 spear (covering ground quickly, 65% to hit)
The splash of poison hits the gnoll!
The gnoll is poisoned.
The gnoll is severely wounded.
The ball python hisses angrily.
You hear a shout!
The gnoll hits you from afar with a +0 spear!
You kill the gnoll!
Cheibriados thoroughly appreciates the change of pace.
Cheibriados raises the support of your attributes as your movement slows.
A gnoll comes into view. It is wielding a +0 club.
The gnoll completely misses you.
Your Unarmed Combat skill increases to level 5!
The gnoll hits you from afar with a +0 spear.
You have got your breath back.
The gnoll hits you with a +0 spear.
The gnoll hits you from afar with a +0 spear.
You closely miss the gnoll bouda.
You punch the gnoll bouda, but do no damage.
The gnoll hits you from afar with a +0 spear.
* * * LOW HITPOINT WARNING * * *
The gnoll bouda hits you with a +0 whip.
* * * LOW HITPOINT WARNING * * *
You punch the gnoll bouda!
The gnoll bouda is heavily wounded.
The gnoll barely misses you.
The gnoll bouda hits you with a +0 whip.
You die...

#.?(.')))'.##.....
##########.##.....
#..........)'.....
#'#####'#####.....
#.#..#..)..##.....
#.#))#####)#####'#
#.#))#.....##.....
#.#))#.....##.....
#h#![###)####.....
#g##'#.....##...<.
#g#........##.....
#c#........##.....
#g###########.....


#gg ###### #gg. #...# #..## You could see a centaur, a gnoll bouda and 6 gnolls.

Vanquished Creatures
  An adder (D)
  2 gnolls (D)
  An ufetubus (D)
  A worm (D)
  2 orcs (D)
  An endoplasm (D)
  A hobgoblin (D)
  A goblin (D)
10 creatures vanquished.

Notes
Turn   | Place    | Note
-------+----------+-------------------------------------------
     0 | D        | rocky1 the Naga Shapeshifter began the quest for the Orb.
     0 | D        | Reached XP level 1. HP: 18/18 MP: 1/1
    21 | D        | Reached XP level 2. HP: 12/25 MP: 2/2
    25 | D        | Found a bloodstained altar of Trog.
    25 | D        | Found a shimmering blue altar of Sif Muna.
    25 | D        | Found a viscous altar of Jiyva.
    25 | D        | Found a hazy altar of Hepliaklqana.
    25 | D        | Found an opulent altar of Gozag.
    26 | D        | Found a glowing golden altar of the Shining One.
    26 | D        | Found a glowing silver altar of Zin.
    26 | D        | Found a basalt altar of Yredelemnul.
    26 | D        | Found a shimmering altar of Xom.
    26 | D        | Found an ornate altar of the Wu Jian Council.
    26 | D        | Found a sacrificial altar of Ru.
    26 | D        | Found a stormy altar of Qazlal.
    26 | D        | Found an iron altar of Okawaru.
    26 | D        | Found a sparkling altar of Nemelex Xobeh.
    26 | D        | Found a burning altar of Makhleb.
    26 | D        | Found a blossoming altar of Fedhas.
    26 | D        | Found a white marble altar of Elyvilon.
    26 | D        | Found a shadowy altar of Dithmenos.
    26 | D        | Found a snail-covered altar of Cheibriados.
    29 | D        | Found a corrupted altar of Lugonu.
    29 | D        | Found a radiant altar of Vehumet.
    30 | D        | Found an ancient bone altar of Kikubaaqudgha.
    30 | D        | Found a hide-covered altar of Uskayaw.
    30 | D        | Found a broken altar of Ashenzari.
    37 | D        | Became a worshipper of Cheibriados the Contemplative
    78 | D        | Reached * piety under Cheibriados
    79 | D        | Reached skill level 4 in Unarmed Combat
   131 | D        | Reached ** piety under Cheibriados
   135 | D        | Reached XP level 3. HP: 31/31 MP: 3/3
   135 | D        | Reached *** piety under Cheibriados
   143 | D        | Reached skill level 1 in Stealth
   394 | D        | Noticed a centaur
   399 | D        | Reached skill level 5 in Unarmed Combat
   401 | D        | HP: 1/31 [gnoll bouda/+0 whip (5)]
   402 | D        | Slain by a gnoll bouda

Illustrated notes

Levels and vault maps discovered:
D:        pitsprint [storerooms_1, entrance_room_1, metal_vault_2, armoury_2,
          mini_pit_1, grid_room_1, main_hall_1, silver_pit, the_coven_3,
          the_vestibule_1, steel_vault_4, golden_pit, hallway_of_sentries,
          crystal_vault_1, iron_vault_2, final_vault]

Skill      XL: |  1  2  3 |
---------------+----------+-----
Shapeshifting  | 4 |  4.9
Unarmed Combat | 4 5 |  5.1
Dodging        | 2 |  2.3
Stealth        | 1 |  1.3
Fighting       | |  1.2
Invocations    | |  0.8

Action                     || total
---------------------------++-------
  Melee: Unarmed           ||    31
         Punch             ||     2
Ability: Spit Poison       ||     1
    Use: Potion            ||     1
   Stab: Sleeping          ||     1
 Armour: Animal skin       ||     1
  Dodge: Dodged            ||    20

Table legend: (Time is in decaauts)
 A = Elapsed time spent in this place.
 B = Non-inter-level travel time spent in this place.
 C = Inter-level travel time spent in this place.
 D = Time resting spent in this place.
 E = Time spent auto-exploring this place.
 F = Levels seen in this place.
 G = Mean time per level.
                   A        B        C        D        E       F      G
               +--------+--------+--------+--------+--------+-----+--------+
         Total |    519 |    473 |     46 |    213 |      0 |   1 |  519.0 |
       Dungeon |    519 |    473 |     46 |    213 |      0 |   1 |  519.0 |
               +--------+--------+--------+--------+--------+-----+--------+

Top non-repeatable levels by time:
       D: 519 daAuts
